 Dungeon Crawl Stone Soup version 0.30-a0-377-g5cb311bc9f (webtiles) character file.

Game seed: 11808009456498629158

3 Shayle the Conjurer (level 1, -2/16 HPs)
             Began as a Demonspawn Reaver on Nov 30, 2022.
             Slain by a kobold
             ... wielding a +0 whip
              (5 damage)
             ... on level 1 of the Dungeon.
             The game lasted 00:00:32 (60 turns).

Shayle the Conjurer (Demonspawn Reaver)               Turns: 60, Time: 00:00:32

Health: -2/16      AC:  3    Str: 12    XL:     1   Next: 41%
Magic:  3/3        EV: 11    Int: 14    God:
Gold:   0          SH:  0    Dex: 11    Spells: 3/4 levels left

rFire   . . .      SeeInvis .    a - +0 hand axe
rCold   . . .      Faith    .    (no shield)
rNeg    . . .      Spirit   .    b - +0 leather armour
rPois   .          Reflect  .    (no helmet)
rElec   .          Harm     .    (no cloak)
rCorr   .          Rampage  .    (no gloves)
Will    .....                    (no boots)
Stlth   +.........               (no amulet)
HPRegen 0.22/turn                (no ring)
MPRegen 0.08/turn                (no ring)

@: no status effects
A: no striking features
a: no special abilities


You were on level 1 of the Dungeon.
You visited 1 branch of the dungeon, and saw 1 of its levels.

Inventory:

Hand Weapons
 a - a +0 hand axe (weapon)
Armour
 b - a +0 leather armour (worn)


   Skills:
 + Level 2.1 Fighting
 + Level 2.7 Axes
 + Level 0.1 Armour
 - Level 1.7 Dodging
 + Level 0.2 Stealth
 - Level 2.0 Spellcasting
 - Level 3.0 Conjurations


You had 3 spell levels left.
You knew the following spells:

 Your Spells              Type           Power      Damage    Failure   Level
a - Kiss of Death         Conj/Necr      20%        2d7       16%         1

Your spell library contained the following spells:

 Spells                   Type           Power      Damage    Failure   Level
 Momentum Strike          Conj/Tloc      10%        3d8       24%         2
 Hailstorm                Conj/Ice       5%         3d4       43%         3


Dungeon Overview and Level Annotations

Branches:
Dungeon (1/15)

Altars:


Message History

The quokka is heavily wounded.
The quokka bites you but does no damage.
You hit the quokka.
You kill the quokka!
A ball python, a hobgoblin and a bat come into view.
The ball python hisses angrily.
The hobgoblin shouts!
The hobgoblin moves out of view.
A kobold and a ball python come into view.
The kobold shouts!
The ball python hisses angrily.
The bat is sucked into a shaft!
The shaft crumbles and collapses.
Found a scroll labelled RUK INLIEMU YPUHO.
Found 7 gold pieces.
The ball python bites you but does no damage.
The ball python barely misses you.
The ball python attacks as you move away!
The ball python bites you but does no damage.
Found 9 gold pieces.
The ball python attacks as you move away!
The ball python barely misses you.
You closely miss the ball python. The ball python closely misses you.
The ball python barely misses you. The ball python bites you.
The ball python grabs you. The ball python constricts you.
You hit the ball python.
You kill the ball python!
Unknown command.
You hit the ball python.
You kill the ball python!
You closely miss the kobold. The kobold hits you with a +0 whip.
You hit the kobold but do no damage. The kobold barely misses you.
You hit the kobold.
The kobold is moderately wounded.
The kobold hits you with a +0 whip.
You hit the kobold.
The kobold is heavily wounded.
The kobold hits you with a +0 whip. x2
* * * LOW HITPOINT WARNING * * *
You hit the kobold.
The kobold is severely wounded.
The kobold hits you with a +0 whip.
You die...

K....#### ..#####......##
#...#.........## #
#.......#..#...####
#.#.#.#...#..........
#......#.##.#.#....#
#.......#......#.#
#$#?...#..#..(#....##
#.....@Kg............
###########.$.#####...#####....
..........## #.....#......
..........### ##........#..
.....#....#.# #..#.#...#g.
.......#..#.# #.....#.##
.#........#.########........#
...#......#....).....##..#..#
......#...#.###########........


You could see a hobgoblin and a kobold.

Vanquished Creatures
  A quokka (D:1)
  2 ball pythons (D:1)
  A bat (D:1)
4 creatures vanquished.

Notes
Turn   | Place    | Note
-------+----------+-------------------------------------------
     0 | D:1      | Shayle the Demonspawn Reaver began the quest for the Orb.
     0 | D:1      | Reached XP level 1. HP: 16/16 MP: 3/3
    60 | D:1      | Slain by a kobold

Illustrated notes

Levels and vault maps discovered:
D:1:      matt_arrival_debris, layout_loops_ring, hangedman_decor_lopped

Action                   || total
-------------------------++-------
Melee: Hand axe          ||    14
Armor: Leather armour    ||     4
Dodge: Dodged            ||     7

Table legend: (Time is in decaauts)
 A = Elapsed time spent in this place.
 B = Non-inter-level travel time spent in this place.
 C = Inter-level travel time spent in this place.
 D = Time resting spent in this place.
 E = Time spent auto-exploring this place.
 F = Levels seen in this place.
 G = Mean time per level.
                   A        B        C        D        E       F      G
               +--------+--------+--------+--------+--------+-----+--------+
         Total |     62 |     62 |      0 |      0 |     29 |   1 |   62.0 |
       Dungeon |     62 |     62 |      0 |      0 |     29 |   1 |   62.0 |
               +--------+--------+--------+--------+--------+-----+--------+

Top non-repeatable levels by time:
     D:1: 62 daAuts
